[Event "Titled Tuesday Blitz May 30 Early 2023"]
[White "Duda, Jan-Krzysztof"]
[Black "Fernandez Guillen, Ernesto J."]
[WhiteFideId "1170546"]
[BlackFideId "3512428"]
[WhiteElo "2790"]
[BlackElo "2429"]
[Result "1-0"]
[Round "04"]
[TimeControl "180+2"]
[Date "2023.05.30"]
[WhiteClock "0:00:39"]
[BlackClock "0:00:02"]

1. c4 e5 2. g3 Nc6 3. Bg2 g6 4. Nc3 Bg7 5. Rb1 Nge7 6. b4 O-O 7. b5 Nd4 8. e3 Ne6 9. Nge2 c6 10. Ba3 c5 11. Bb2 d6 12. O-O f5 13. f4 g5 14. Nd5 Ng6 15. Qc2 h5 16. a4 h4 17. a5 Rb8 18. Bc3 hxg3 19. hxg3 exf4 20. exf4 gxf4 21. Bxg7 Kxg7 22. Qc3+ Kg8 23. gxf4 Kf7 24. Kf2 Qh4+ 25. Ke3 Qh2 26. Bf3 Qh8 27. Bh5 Qxh5 28. Rh1 Qg4 29. Rbg1 Nexf4 30. Rh7+ Ke8 31. Ndxf4 1-0


[Site "https://www.chess.com"]

[Event "Titled Tuesday Blitz May 30 Early 2023"]
[White "Kramnik, Vladimir"]
[Black "Kilic, Eray"]
[WhiteFideId "4101588"]
[BlackFideId "44517173"]
[WhiteElo "2703"]
[BlackElo "2328"]
[Result "1-0"]
[Round "04"]
[TimeControl "180+2"]
[Date "2023.05.30"]
[WhiteClock "0:00:36"]
[BlackClock "0:00:06"]

1. e4 c5 2. Nf3 d6 3. d4 cxd4 4. Nxd4 Nf6 5. Nc3 a6 6. Bc4 e6 7. Be3 Qc7 8. Bb3 b5 9. f3 Be7 10. g4 Nc6 11. g5 Nxd4 12. gxf6 Nxb3 13. fxg7 Rg8 14. axb3 Bh4+ 15. Ke2 b4 16. Nb5 Qc6 17. Nxd6+ Ke7 18. Ra5 Rxg7 19. Bc5 Rg5 20. Nxc8+ Ke8 21. Qd6 Rg2+ 22. Kf1 Rxc8 23. Qxc6+ Rxc6 24. Kxg2 Bd8 25. Bxb4 Rxc2+ 26. Kg3 Bxa5 27. Bxa5 Rxb2 28. b4 f6 29. Rd1 Kf7 30. Rd6 e5 31. Rxa6 Ra2 32. Rc6 Rb2 33. Bd8 Rxb4 34. Bxf6 Rb5 35. Kg4 Rb3 36. Bxe5 1-0


[Site "https://www.chess.com"]

[Event "Titled Tuesday Blitz May 30 Early 2023"]
[White "Quintiliano Pinto, Renato R."]
[Black "Deac, Bogdan-Daniel"]
[WhiteFideId "2117568"]
[BlackFideId "1226380"]
[WhiteElo "2459"]
[BlackElo "2649"]
[Result "0-1"]
[Round "04"]
[TimeControl "180+2"]
[Date "2023.05.30"]
[WhiteClock "0:00:05"]
[BlackClock "0:00:02"]

1. d4 b5 2. e4 Bb7 3. Bxb5 Bxe4 4. Nf3 c6 5. Be2 e6 6. c4 d5 7. Nc3 Bxf3 8. Bxf3 Nf6 9. O-O Be7 10. Bf4 O-O 11. Qe2 Bd6 12. Bg5 a5 13. Rac1 Nbd7 14. Rfd1 a4 15. a3 Qb8 16. g3 h6 17. Be3 Qb7 18. Qc2 Rfb8 19. Rd2 Qa6 20. cxd5 cxd5 21. Be2 Qa5 22. Qd1 Rb7 23. Rdc2 Rab8 24. Nxa4 Bf8 25. Rc8 Ne4 26. b4 Qa7 27. Rxb8 Rxb8 28. Rc6 Ndf6 29. Ra6 Qb7 30. Nc5 Qc8 31. Ra7 Nd6 32. Qa4 Nc4 33. Bxc4 dxc4 34. Qc2 Ra8 35. Rxa8 Qxa8 36. a4 Nd5 37. Qxc4 Bxc5 38. dxc5 Qxa4 39. Bd2 Ne7 40. Kg2 Qc6+ 41. Kg1 Qa4 42. Qc1 Nc6 43. Qb2 Qd1+ 44. Kg2 Qe2 45. Be3 Qxb2 0-1


[Site "https://www.chess.com"]

[Event "Titled Tuesday Blitz May 30 Early 2023"]
[White "Karthik Rajaa"]
[Black "Babazada, Khazar"]
[WhiteFideId "25035215"]
[BlackFideId "13413554"]
[WhiteElo "2215"]
[BlackElo "2351"]
[Result "0-1"]
[Round "04"]
[TimeControl "180+2"]
[Date "2023.05.30"]
[WhiteClock "0:00:52"]
[BlackClock "0:02:40"]

1. Nf3 Nf6 2. b3 g6 3. Bb2 Bg7 4. g3 O-O 5. Bg2 d6 6. d4 a5 7. O-O c6 8. c4 Bf5 9. Nbd2 a4 10. Nh4 Bc8 11. e4 Qa5 12. Qc2 Nbd7 13. Bc3 Qa7 14. e5 Ne8 15. Rfe1 dxe5 16. dxe5 Nc7 17. Nhf3 Nc5 18. b4 Bf5 19. Qd1 Nd3 20. Re3 Rfd8 21. Qe2 Bh6 22. Nh4 Bxe3 23. fxe3 Bg4 24. Qf1 Qxe3+ 0-1


[Site "https://www.chess.com"]

[Event "Titled Tuesday Blitz May 30 Early 2023"]
[White "Sieciechowicz, Marcin"]
[Black "Sjugirov, Sanan"]
[WhiteFideId "1130170"]
[BlackFideId "4189302"]
[WhiteElo "2302"]
[BlackElo "2569"]
[Result "0-1"]
[Round "04"]
[TimeControl "180+2"]
[Date "2023.05.30"]
[WhiteClock "0:00:04"]
[BlackClock "0:00:04"]

1. d4 Nf6 2. c4 e6 3. Nc3 Bb4 4. Qc2 d5 5. cxd5 exd5 6. Bg5 h6 7. Bh4 g5 8. Bg3 h5 9. Be5 Nc6 10. Bxf6 Qxf6 11. e3 Be6 12. Bd3 h4 13. h3 a6 14. Ne2 Bd6 15. a3 Ne7 16. Rf1 g4 17. hxg4 Bxg4 18. e4 Bxe2 19. Qxe2 Qxd4 20. O-O-O Qg7 21. Nxd5 Nxd5 22. exd5+ Kf8 23. Qf3 Qg5+ 24. Kb1 Qf4 25. Qxf4 Bxf4 26. Be4 Bd6 27. Rh1 Kg7 28. Bf3 Rh6 29. Rd4 Rah8 30. Bg4 Rf6 31. f3 Bg3 32. Rhd1 Rd6 33. Kc2 Rhd8 34. R4d3 Kg6 35. Bh3 f5 36. Kc3 Kf6 37. Kc4 Be5 38. b4 Bg3 39. Kc3 Kg5 40. Kc4 Be5 41. f4+ Bxf4 42. Rf1 b5+ 43. Kc5 c6 44. Rdf3 Rxd5+ 45. Kb6 Rd4 46. Re1 Re4 47. Rff1 Rd3 48. Kxa6 Rxa3+ 49. Kb6 Rc3 50. Rd1 Be3+ 51. Kc7 Bf4+ 52. Kb6 Be3+ 53. Kc7 f4 54. Rd8 Rd4 55. Rg8+ Kf6 56. Ra1 c5 57. bxc5 Rxc5+ 58. Kb8 Rc6 59. Ra7 Rcd6 60. Rf8+ Ke5 61. Re7+ Kd5 62. Rf5+ Kc4 63. Rc7+ Kb4 64. Rb7 Rd8+ 65. Kc7 R4d7+ 66. Kc6 Rxb7 67. Kxb7 Ka4 68. Rf7 b4 69. Bd7+ Ka3 70. Kc7 Rh8 71. Rf5 b3 72. Ra5+ Kb4 73. Rb5+ Kc3 74. Be6 b2 75. Bf5 Rf8 76. Be4 Re8 77. Bf5 Re7+ 78. Kd6 Rf7 79. Be4 Rf6+ 80. Ke5 Ra6 81. Rb8 Ra5+ 82. Kf6 Ra1 83. Rc8+ Kd4 84. Bf5 b1=Q 85. Rd8+ Kc5 86. Rc8+ Kd6 87. Rd8+ Kc7 88. Rc8+ Kb7 89. Bxb1 Kxc8 0-1


[Site "https://www.chess.com"]

[Event "Titled Tuesday Blitz May 30 Early 2023"]
[White "Fridman, Daniel"]
[Black "Herrera Reyes, Jose Antonio"]
[WhiteFideId "11600454"]
[BlackFideId "2274914"]
[WhiteElo "2525"]
[BlackElo "2272"]
[Result "0-1"]
[Round "04"]
[TimeControl "180+2"]
[Date "2023.05.30"]
[WhiteClock "0:00:00"]
[BlackClock "0:00:21"]

1. Nf3 Nf6 2. d4 g6 3. g3 c5 4. Bg2 cxd4 5. O-O h5 6. Bg5 Bg7 7. Nxd4 Nc6 8. c4 Qb6 9. Nb3 d6 10. Nc3 Be6 11. Nd5 Bxd5 12. cxd5 Ne5 13. Qd4 Qa6 14. h3 O-O 15. Rfe1 Nh7 16. Qh4 Nxg5 17. Qxg5 Bf6 18. Qh6 Bg7 19. Qg5 Bf6 20. Qh6 Nc4 21. Nd2 Bxb2 22. Rab1 Bc3 23. Ne4 Bg7 24. Qg5 Rfe8 25. g4 hxg4 26. hxg4 Ne5 27. f4 Nd7 28. f5 Ne5 29. Rb3 f6 30. Qd2 g5 31. Rh3 Kf7 32. Rc1 Rh8 33. Rxh8 Rxh8 34. Rc7 Qb6+ 0-1


[Site "https://www.chess.com"]

[Event "Titled Tuesday Blitz May 30 Early 2023"]
[White "Bjerre, Jonas Buhl"]
[Black "Vakhlamov, Igor L."]
[WhiteFideId "1444948"]
[BlackFideId "24126748"]
[WhiteElo "2525"]
[BlackElo "2407"]
[Result "1/2-1/2"]
[Round "04"]
[TimeControl "180+2"]
[Date "2023.05.30"]
[WhiteClock "0:00:18"]
[BlackClock "0:00:06"]

1. d4 d5 2. c4 e6 3. Nf3 Nf6 4. g3 c5 5. Bg2 cxd4 6. O-O Bc5 7. cxd5 O-O 8. Nxd4 Nxd5 9. Nb3 Bb6 10. Bd2 Nc6 11. Na3 Qf6 12. Nc4 Rd8 13. Qc1 h6 14. Nxb6 Nxb6 15. Bc3 e5 16. Rd1 Nd4 17. Bxd4 exd4 18. Qf4 Qxf4 19. gxf4 Nc4 20. Rxd4 Rxd4 21. Nxd4 Nxb2 22. Rc1 Na4 23. Rc7 Nb6 24. f5 Rb8 25. Bf3 Kf8 26. e4 Nd7 27. Bd1 Ke7 28. Bb3 Kd6 29. Nb5+ Ke5 30. Nxa7 Nb6 31. Nxc8 Nxc8 32. Rxf7 Nd6 33. Re7+ Kf4 34. Bd5 Rd8 35. Kg2 b5 36. h4 Ne8 37. Bc6 Nf6 38. Rxg7 Rd2 39. Rg3 Rxa2 40. Rf3+ Ke5 41. Rb3 Kf4 42. Rxb5 Ng4 43. f6 Rxf2+ 44. Kg1 Kg3 45. Rb3+ Kxh4 46. Bd7 Rf4 47. Bf5 Nxf6 48. Rh3+ Kg5 49. Rg3+ Kh4 50. Rg6 Nxe4 51. Bxe4 Rxe4 52. Rxh6+ Kg3 53. Rg6+ Rg4 54. Rxg4+ Kxg4 1/2-1/2


[Site "https://www.chess.com"]

[Event "Titled Tuesday Blitz May 30 Early 2023"]
[White "Durarbayli, Vasif"]
[Black "Halkias, Stelios"]
[WhiteFideId "13402935"]
[BlackFideId "4201809"]
[WhiteElo "2551"]
[BlackElo "2451"]
[Result "1-0"]
[Round "04"]
[TimeControl "180+2"]
[Date "2023.05.30"]
[WhiteClock "0:00:18"]
[BlackClock "0:00:02"]

1. e4 c6 2. d4 d5 3. exd5 cxd5 4. c4 Nf6 5. Nc3 g6 6. Qb3 Bg7 7. cxd5 O-O 8. Be2 Qb6 9. Qxb6 axb6 10. Bf4 Na6 11. d6 e6 12. Nf3 Nh5 13. Bg5 Bf6 14. Be3 Nb4 15. Kd2 Rd8 16. g4 e5 17. gxh5 exd4 18. Bxd4 Rxd6 19. Nb5 Rd8 20. hxg6 hxg6 21. Kc3 Nd5+ 22. Kb3 Be6 23. Bc4 Rac8 24. Bxf6 Rxc4 25. Bxd8 Rb4+ 26. Kc2 Rxb5 27. Nd4 Rc5+ 28. Kd2 Bd7 29. Rac1 Ra5 30. a3 Nf4 31. Bxb6 Rd5 32. Rhe1 Ne6 33. Rxe6 Bxe6 34. Rc7 Bg4 35. Rxb7 Rh5 36. Bc7 Rd5 37. Ke3 Rc5 38. Bg3 Rc1 39. a4 Re1+ 40. Kd2 Rd1+ 41. Kc3 Rc1+ 42. Kb3 Bd1+ 43. Kb4 Ra1 44. b3 Bg4 45. Rb8+ Kg7 46. Be5+ Kh6 47. Nf5+ Bxf5 48. Bxa1 1-0


[Site "https://www.chess.com"]

[Event "Titled Tuesday Blitz May 30 Early 2023"]
[White "Sahib Singh"]
[Black "Ahmadzada, Ahmad"]
[WhiteFideId "25618342"]
[BlackFideId "13413007"]
[WhiteElo "1934"]
[BlackElo "2388"]
[Result "0-1"]
[Round "04"]
[TimeControl "180+2"]
[Date "2023.05.30"]
[WhiteClock "0:00:04"]
[BlackClock "0:00:05"]

1. e4 c6 2. d4 d5 3. Nc3 g6 4. Be3 Bg7 5. Qd2 h5 6. f3 Na6 7. Nge2 Nc7 8. O-O-O a5 9. Nf4 Nf6 10. e5 Ng8 11. Bd3 Bf5 12. Bxf5 gxf5 13. h4 e6 14. Nce2 Bh6 15. Ng3 Bxf4 16. Bxf4 Na6 17. Be3 Qb6 18. Ne2 Ne7 19. Rdg1 Kd7 20. Nf4 Rag8 21. g3 Qb4 22. c3 Qb6 23. Nd3 a4 24. Rg2 Qb5 25. Rhg1 b6 26. Qe2 Kc7 27. Kc2 Qc4 28. Nc1 Qxe2+ 29. Nxe2 c5 30. Nf4 Kb7 31. Nd3 Nc6 32. dxc5 bxc5 33. Bxc5 Nxe5 34. Nxe5 Nxc5 35. Nxf7 Rh7 36. Ng5 Re7 37. Re2 e5 38. Rge1 e4 39. Rd2 Kc6 40. Rd4 Rb8 41. Re3 Reb7 42. c4 Rxb2+ 43. Kc3 Rxa2 44. cxd5+ Kd6 45. Rb4 Ra3+ 46. Kc2 Rxe3 47. Rxb8 exf3 48. Rd8+ Kc7 49. Rf8 f2 50. Rxf5 Re2+ 51. Kc3 a3 52. Kb4 a2 53. Kxc5 Rc2+ 54. Kd4 a1=Q+ 55. Ke3 f1=Q 56. Ne6+ Kd6 57. Rxf1 Qxf1 0-1


[Site "https://www.chess.com"]

[Event "Titled Tuesday Blitz May 30 Early 2023"]
[White "Bachmann, Axel"]
[Black "Korchmar, Vasiliy"]
[WhiteFideId "3700488"]
[BlackFideId "24131750"]
[WhiteElo "2605"]
[BlackElo "2370"]
[Result "1-0"]
[Round "04"]
[TimeControl "180+2"]
[Date "2023.05.30"]
[WhiteClock "0:00:03"]
[BlackClock "0:00:02"]

1. e4 c5 2. Nf3 d6 3. d4 cxd4 4. Nxd4 Nf6 5. Nc3 Nc6 6. Bg5 Bd7 7. Qd2 a6 8. O-O-O e6 9. f3 Be7 10. h4 Nxd4 11. Qxd4 b5 12. Kb1 Qc7 13. Bd3 O-O 14. Ne2 e5 15. Qf2 Be6 16. Nc3 a5 17. Nxb5 Qb7 18. c4 a4 19. a3 Rfc8 20. Rc1 Rc6 21. Rc2 Bd8 22. Rd1 Bb6 23. Be3 Bxe3 24. Qxe3 Nd7 25. Bf1 Nb6 26. Nxd6 Qc7 27. Rcd2 h6 28. Nb5 Qe7 29. Rd6 Nxc4 30. Bxc4 Rxc4 31. Qd3 Rac8 32. Rd8+ Kh7 33. Rxc8 Rxc8 34. Qd6 Qxh4 35. Qxe5 Qf2 36. Nc3 Bb3 37. Rc1 Be6 38. Rd1 Qxg2 39. Qf4 Qg6 40. Qe3 Qf6 41. Ka1 Rb8 42. f4 Rb3 43. Rg1 Qh4 44. Qd4 Qh2 45. Qxg7# 1-0


[Site "https://www.chess.com"]

[Event "Titled Tuesday Blitz May 30 Early 2023"]
[White "MaryanKyrychenko"]
[Black "Zemlyanskii, Ivan"]
[BlackFideId "24249971"]
[WhiteElo "2632"]
[BlackElo "2421"]
[Result "1-0"]
[Round "04"]
[TimeControl "180+2"]
[Date "2023.05.30"]
[WhiteClock "0:00:05"]
[BlackClock "0:00:00"]

1. e4 c5 2. Nc3 e6 3. f4 d5 4. Nf3 dxe4 5. Bb5+ Bd7 6. Bxd7+ Qxd7 7. Nxe4 Nc6 8. O-O Be7 9. d3 Nf6 10. Be3 b6 11. Ne5 Qc7 12. Qf3 Rc8 13. Nxf7 Kxf7 14. Ng5+ Ke8 15. Nxe6 Qd7 16. f5 Qd5 17. Qg3 Kd7 18. c4 Qe5 19. Bf4 Qxf5 20. Rae1 Nh5 21. Qe3 Nxf4 22. Rxf4 Qg6 23. Qh3 Kd6 24. Qf3 Nb4 25. a3 Bg5 26. axb4 Bxf4 27. Qd5+ Ke7 28. Nxf4+ Kf6 29. Nxg6 hxg6 30. Re6+ Kf7 31. Rc6+ Ke7 32. Qe6+ 1-0


[Site "https://www.chess.com"]

[Event "Titled Tuesday Blitz May 30 Early 2023"]
[White "Rozen, Eytan"]
[Black "Jakubowski, Krzysztof"]
[WhiteFideId "2816750"]
[BlackFideId "1112848"]
[WhiteElo "2451"]
[BlackElo "2359"]
[Result "1-0"]
[Round "04"]
[TimeControl "180+2"]
[Date "2023.05.30"]
[WhiteClock "0:00:26"]
[BlackClock "0:01:22"]

1. c4 e5 2. Nc3 Nc6 3. g3 g6 4. Bg2 Bg7 5. d3 d6 6. e3 f5 7. Nge2 Nh6 8. O-O O-O 9. Rb1 Nf7 10. Nd5 Be6 11. b4 Qd7 12. b5 Ncd8 13. Ba3 c6 14. bxc6 bxc6 15. Ndc3 g5 16. Qa4 h5 17. d4 exd4 18. Nxd4 Rc8 19. Rfd1 f4 20. Nxe6 Nxe6 21. Ne4 fxe3 22. fxe3 Be5 23. Qc2 h4 24. Nxd6 Nxd6 25. Qg6+ Ng7 26. Bxd6 Bxd6 27. Rxd6 Qe7 28. Be4 hxg3 29. Qh7+ Kf7 30. Bg6# 1-0


[Site "https://www.chess.com"]

[Event "Titled Tuesday Blitz May 30 Early 2023"]
[White "SashaKuzhilniy"]
[Black "Vitiugov, Nikita"]
[BlackFideId "4152956"]
[WhiteElo "2631"]
[BlackElo "2673"]
[Result "0-1"]
[Round "04"]
[TimeControl "180+2"]
[Date "2023.05.30"]
[WhiteClock "0:00:14"]
[BlackClock "0:00:23"]

1. b3 e5 2. Bb2 Nc6 3. c4 Nge7 4. e3 d5 5. cxd5 Nxd5 6. a3 Bd6 7. Qc2 O-O 8. Nf3 Qe7 9. d3 a5 10. Nbd2 f5 11. Be2 Bd7 12. O-O Kh8 13. Nc4 b5 14. Nxd6 cxd6 15. Rfe1 Rac8 16. Qd2 Be6 17. Rac1 Qb7 18. Bf1 h6 19. e4 Nf6 20. exf5 Bxf5 21. d4 e4 22. Nh4 Bh7 23. d5 Ne5 24. Rxc8 Rxc8 25. f4 exf3 26. Nxf3 Nxf3+ 27. gxf3 Rc2 28. Qd4 Qf7 29. Bxb5 Qg6+ 30. Qg4 Nxg4 31. Re8+ Qxe8 32. Bxe8 Rxb2 0-1


[Site "https://www.chess.com"]

[Event "Titled Tuesday Blitz May 30 Early 2023"]
[White "Kravtsiv, Martyn"]
[Black "Ibadov, Dashgyn"]
[WhiteFideId "14113147"]
[BlackFideId "24107514"]
[WhiteElo "2695"]
[BlackElo "2208"]
[Result "1-0"]
[Round "04"]
[TimeControl "180+2"]
[Date "2023.05.30"]
[WhiteClock "0:01:46"]
[BlackClock "0:00:13"]

1. e4 e6 2. d4 d5 3. e5 c5 4. c3 Qb6 5. Nf3 Nc6 6. Be2 cxd4 7. cxd4 Nh6 8. Bxh6 gxh6 9. Qd2 Rg8 10. O-O Rg4 11. h3 Rxd4 12. Nxd4 Qxd4 13. Qxd4 Nxd4 14. Bd3 Bg7 15. Nc3 Bxe5 16. Nxd5 Kf8 17. Rfe1 Nc6 18. Nc3 Bd7 19. Rad1 Be8 20. Be4 Bf6 21. Nb5 Bxb2 22. Nc7 Rc8 23. Nxe8 Kxe8 24. Bxh7 Bc3 25. Re3 Bd4 26. Re2 Ke7 27. Be4 e5 28. Bxc6 bxc6 29. Rxd4 1-0


[Site "https://www.chess.com"]

[Event "Titled Tuesday Blitz May 30 Early 2023"]
[White "Hambleton, Aman"]
[Black "OPQRC"]
[WhiteFideId "2606577"]
[WhiteElo "2511"]
[BlackElo "2539"]
[Result "0-1"]
[Round "04"]
[TimeControl "180+2"]
[Date "2023.05.30"]
[WhiteClock "0:00:02"]
[BlackClock "0:00:05"]

1. d4 Nf6 2. Bf4 g6 3. e3 Bg7 4. h3 O-O 5. Nf3 d6 6. c3 Nfd7 7. Bh2 e5 8. a4 e4 9. Nfd2 f5 10. a5 a6 11. c4 Nc6 12. Nc3 Nf6 13. Be2 g5 14. Nd5 Nxd5 15. cxd5 Ne7 16. Qb3 Ng6 17. g4 Qe7 18. gxf5 Bxf5 19. Bg3 Rab8 20. Rc1 Rf7 21. Rc4 Kh8 22. Rb4 Rbf8 23. Rxb7 Bc8 24. Rb8 Nf4 25. Rh2 Nxe2 26. Kxe2 h5 27. h4 gxh4 28. Rxh4 Bg4+ 29. Rxg4 hxg4 30. Rxf8+ Qxf8 31. Nxe4 Re7 32. Qc2 Qf3+ 33. Kd2 Qxe4 34. Qc4 Rf7 35. Qxa6 Bxd4 36. Qc8+ Kg7 37. exd4 Qxd4+ 38. Kc2 Qc4+ 39. Kb1 Qxd5 40. Qxg4+ Kf8 41. Qc8+ Kg7 42. Qg4+ Kf8 43. Qc8+ Kg7 44. a6 Qd1+ 45. Ka2 Re7 46. Qf5 Qa4+ 47. Kb1 Re1# 0-1


[Site "https://www.chess.com"]

[Event "Titled Tuesday Blitz May 30 Early 2023"]
[White "Dudzinski, Pawel"]
[Black "Mischuk, Dmitry"]
[WhiteFideId "1117890"]
[BlackFideId "14118734"]
[WhiteElo "2099"]
[BlackElo "2256"]
[Result "0-1"]
[Round "04"]
[TimeControl "180+2"]
[Date "2023.05.30"]
[WhiteClock "0:00:01"]
[BlackClock "0:00:29"]

1. e4 c5 2. c4 Nc6 3. Nc3 e6 4. g3 Nf6 5. Bg2 g6 6. Nge2 Bg7 7. O-O O-O 8. d3 d6 9. Rb1 Nd7 10. a3 Nd4 11. b4 b6 12. Nxd4 cxd4 13. Ne2 Bb7 14. f4 f5 15. exf5 Bxg2 16. Kxg2 gxf5 17. Bb2 e5 18. fxe5 dxe5 19. Qd2 Qc7 20. g4 Qc6+ 21. Kg1 Qg6 22. Ng3 fxg4 23. Qe2 Bh6 24. Bc1 Bf4 25. Bd2 Rf7 26. Rf2 Raf8 27. Rbf1 h5 28. Ne4 Rf5 29. Kh1 Kh7 30. Ng3 R5f7 31. Ne4 Bxd2 32. Qxd2 Rxf2 33. Rxf2 Rxf2 34. Qxf2 Kg7 35. Kg2 Nf6 36. Nxf6 Qxf6 37. Qe2 Qf5 38. Kg3 Kg6 39. Kg2 Kg5 40. Kg3 Qf4+ 41. Kg2 h4 42. c5 h3+ 43. Kg1 bxc5 44. bxc5 Qc1+ 45. Qf1 Qxc5 46. Qf7 Qc1+ 47. Kf2 Qd2+ 48. Kf1 Qxd3+ 49. Ke1 Qe4+ 50. Kd2 Qf4+ 51. Qxf4+ Kxf4 0-1


[Site "https://www.chess.com"]

[Event "Titled Tuesday Blitz May 30 Early 2023"]
[White "Naroditsky, Daniel"]
[Black "Janik, Igor"]
[WhiteFideId "2026961"]
[BlackFideId "1159259"]
[WhiteElo "2633"]
[BlackElo "2484"]
[Result "1-0"]
[Round "04"]
[TimeControl "180+2"]
[Date "2023.05.30"]
[WhiteClock "0:01:08"]
[BlackClock "0:01:15"]

1. e4 c6 2. d4 d5 3. f3 e6 4. Nc3 Bb4 5. a3 Ba5 6. Bd3 Ne7 7. Ne2 Ng6 8. O-O Nd7 9. f4 dxe4 10. Nxe4 O-O 11. N2g3 Bb6 12. Be3 Nf6 13. Nxf6+ Qxf6 14. Ne4 Qd8 15. c3 h6 16. Qh5 Qd5 17. Qe2 Ne7 18. Rf3 Nf5 19. Bf2 Bd7 20. a4 Be8 21. Rh3 Qd7 22. a5 Bc7 23. Qg4 f6 24. Nc5 Qf7 25. Bc4 Bd7 26. Nxd7 Qxd7 27. Qxf5 1-0


[Site "https://www.chess.com"]

[Event "Titled Tuesday Blitz May 30 Early 2023"]
[White "Gorovets, Andrey"]
[Black "Nepomniachtchi, Ian"]
[WhiteFideId "13504037"]
[BlackFideId "4168119"]
[WhiteElo "2459"]
[BlackElo "2781"]
[Result "0-1"]
[Round "04"]
[TimeControl "180+2"]
[Date "2023.05.30"]
[WhiteClock "0:00:03"]
[BlackClock "0:00:29"]

1. Nf3 c5 2. c4 g6 3. d4 cxd4 4. Nxd4 Bg7 5. e4 Qb6 6. Nb3 Nc6 7. Be2 d6 8. O-O Be6 9. Be3 Qc7 10. Qd2 Ne5 11. Na3 Nf6 12. h3 Nxe4 13. Qd1 O-O 14. Rc1 a6 15. Nd4 Bd7 16. Qc2 f5 17. f3 Nc5 18. b4 Ne6 19. Qd2 f4 20. Bf2 Nxd4 21. Bxd4 a5 22. Nb5 Qd8 23. c5 axb4 24. Bxe5 Bxe5 25. cxd6 Qb6+ 26. Kh1 exd6 27. Bc4+ Kh8 28. Qxb4 Qa5 29. Qb3 d5 30. Bd3 Qxa2 31. Qxa2 Rxa2 32. Rfe1 Re8 33. Nc7 Bxc7 34. Rxe8+ Bxe8 35. Rxc7 Bc6 36. Kh2 Rd2 37. Bf1 d4 38. h4 Bxf3 39. h5 Bxh5 40. Kh3 g5 41. Rxb7 Rd1 42. Bc4 Rh1# 0-1


[Site "https://www.chess.com"]

[Event "Titled Tuesday Blitz May 30 Early 2023"]
[White "Bluebaum, Matthias"]
[Black "Yuan, Qingyu"]
[WhiteFideId "24651516"]
[BlackFideId "8609772"]
[WhiteElo "2639"]
[BlackElo "2359"]
[Result "1-0"]
[Round "04"]
[TimeControl "180+2"]
[Date "2023.05.30"]
[WhiteClock "0:01:58"]
[BlackClock "0:00:21"]

1. d4 Nf6 2. c4 e6 3. Nc3 Bb4 4. e3 O-O 5. Bd2 d5 6. Nf3 b6 7. cxd5 exd5 8. Rc1 Be7 9. Bd3 c5 10. Ne5 Bb7 11. O-O Nc6 12. a3 Rc8 13. Bf5 Ra8 14. f3 Bd6 15. f4 cxd4 16. Nxc6 Bxc6 17. exd4 Re8 18. Be1 Qb8 19. Qf3 Qb7 20. Bh4 Ne4 21. Rfe1 g6 22. Bxe4 dxe4 23. Qe3 Bd5 24. Bf6 Re6 25. Be5 f5 26. Nb5 Be7 27. Nc7 Rd8 28. Nxe6 Bxe6 29. Rc7 Qd5 30. Rxe7 1-0


[Site "https://www.chess.com"]

[Event "Titled Tuesday Blitz May 30 Early 2023"]
[White "Boyer, Mahel"]
[Black "Martinez Alcantara, Jose Eduardo"]
[WhiteFideId "45102422"]
[BlackFideId "3805662"]
[WhiteElo "2439"]
[BlackElo "2711"]
[Result "0-1"]
[Round "04"]
[TimeControl "180+2"]
[Date "2023.05.30"]
[WhiteClock "0:00:01"]
[BlackClock "0:00:14"]

1. e4 c5 2. Nf3 d6 3. d4 cxd4 4. Nxd4 a6 5. Nc3 e6 6. f4 b5 7. Be3 Bb7 8. a3 Nf6 9. Qf3 h5 10. O-O-O Nbd7 11. Bxb5 axb5 12. Ndxb5 Qb8 13. f5 e5 14. h3 h4 15. a4 Be7 16. g4 hxg3 17. Qxg3 Rh7 18. Bg5 Kf8 19. Rhg1 Bc6 20. b3 Bxe4 21. Nxe4 Nxe4 22. Bxe7+ Kxe7 23. Qf3 Ndf6 24. Rge1 Rh4 25. Nxd6 Nxd6 26. Rxe5+ Kf8 27. Rxd6 Kg8 28. Qd3 Rxh3 29. Qxh3 Qxd6 30. Qc3 Qa3+ 31. Kb1 Rd8 32. Re1 Nd5 33. Qb2 Qb4 34. Rg1 Nc3+ 35. Ka1 Ra8 36. Qc1 Nxa4 37. Rxg7+ Kxg7 38. Qg5+ Kf8 39. Qh6+ Ke7 40. f6+ Kd7 41. Qh3+ Kc7 42. Qg3+ Kb7 43. Qf3+ Ka7 44. Qe3+ Nb6 45. Kb2 Rc8 46. Qe7+ Qxe7 47. fxe7 Re8 0-1


[Site "https://www.chess.com"]

[Event "Titled Tuesday Blitz May 30 Early 2023"]
[White "Aradhya, Garg"]
[Black "Pranav, V"]
[WhiteFideId "25006746"]
[BlackFideId "25060783"]
[WhiteElo "2263"]
[BlackElo "2515"]
[Result "0-1"]
[Round "04"]
[TimeControl "180+2"]
[Date "2023.05.30"]
[WhiteClock "0:00:02"]
[BlackClock "0:00:06"]

1. d4 Nf6 2. c4 g6 3. Nf3 Bg7 4. g3 O-O 5. Bg2 d6 6. Nc3 Nbd7 7. O-O e5 8. e4 Re8 9. h3 a6 10. Qc2 c6 11. Rd1 Qc7 12. a4 a5 13. Be3 exd4 14. Nxd4 Nc5 15. Ndb5 cxb5 16. Nxb5 Qe7 17. Nxd6 Na6 18. Nxe8 Nxe8 19. Bd4 Be6 20. Bxg7 Nxg7 21. Rd2 Rc8 22. b3 Bd7 23. Rad1 Bc6 24. Qc3 Nb4 25. e5 Ne6 26. Rd6 Qg5 27. Bxc6 Nxc6 28. Kh2 Qxe5 29. Qxe5 Nxe5 30. Rb6 Rc7 31. Rd5 Nc6 32. g4 Kf8 33. Rdb5 Ned8 34. Rd5 Re7 35. Rd2 Ne6 36. Kg3 Nc5 37. Rd5 Ne4+ 38. Kg2 Nc3 39. Rd3 Ne2 40. Re3 Nf4+ 41. Kg3 Ne6 42. f4 Rd7 43. f5 gxf5 44. gxf5 Ned4 45. Kf4 Kg7 46. Rd3 Kf6 47. Rb5 Ne2+ 48. Ke3 Re7+ 49. Kd2 Ned4 50. Rd5 Nxf5 51. Rf3 Ne5 52. Rf1 Re6 53. Rxa5 b6 54. Rd5 Rc6 55. a5 bxa5 56. Rxa5 Ke6 57. Re1 f6 58. Kc3 Nd6 59. Rea1 Rc8 60. Ra6 Rd8 61. Rb6 Nf7 62. Re1+ Kf5 63. Rd1 Ne4+ 64. Kc2 Ra8 65. Rb5+ Kf4 66. Kb2 Ne5 67. Rbd5 Nf3 68. Rf1 Ke3 69. Rfd1 Ne5 70. Ra1 Rxa1 71. Kxa1 f5 72. Kb2 Nd3+ 73. Kb1 f4 74. Rf5 f3 75. Kc2 f2 76. c5 Nf4 77. c6 f1=Q 78. c7 Qd3+ 79. Kb2 Qd2+ 80. Ka3 Qd6+ 81. Kb2 Qxc7 82. Ka2 Nd3 83. Ka3 Qa7+ 84. Ra5 Qxa5# 0-1


[Site "https://www.chess.com"]

[Event "Titled Tuesday Blitz May 30 Early 2023"]
[White "Jeet, Jain"]
[Black "Narayanan.S.L"]
[WhiteFideId "5073022"]
[BlackFideId "5058422"]
[WhiteElo "2067"]
[BlackElo "2563"]
[Result "0-1"]
[Round "04"]
[TimeControl "180+2"]
[Date "2023.05.30"]
[WhiteClock "0:00:05"]
[BlackClock "0:00:23"]

1. Nf3 g6 2. g3 Bg7 3. Bg2 f5 4. O-O Nf6 5. d3 O-O 6. Nc3 d6 7. e4 e5 8. Re1 fxe4 9. dxe4 Kh8 10. h3 Be6 11. Nd5 Nbd7 12. c4 Nc5 13. Qc2 c6 14. Nxf6 Qxf6 15. b4 Na6 16. a3 Bxh3 17. Bxh3 Qxf3 18. Re3 Qf7 19. Rd3 Rad8 20. Bg5 Bf6 21. Bh6 Bg7 22. Bg5 Bf6 23. Bh6 Rfe8 24. Be3 c5 25. b5 Nc7 26. Rad1 Be7 27. f4 Ne6 28. fxe5 dxe5 29. Bxe6 Qxe6 30. Rxd8 Bxd8 31. Bxc5 b6 32. Bf2 Be7 33. c5 bxc5 34. Rd5 Rf8 35. Bxc5 Qh3 36. Bf2 Rc8 37. Qb2 Bf6 38. a4 Qg4 39. Qb1 h5 40. a5 h4 41. Qe1 hxg3 42. Bxg3 Bh4 43. Rd3 Rc2 44. Qf1 Kg7 45. Qf3 Rc1+ 46. Kg2 Rc2+ 47. Kg1 Qxg3+ 48. Qxg3 Bxg3 49. Rxg3 Rb2 50. b6 axb6 51. axb6 Rxb6 52. Kf2 Rb2+ 53. Kf1 Rb4 54. Re3 Kf6 55. Kf2 Kg5 56. Kf3 Rb1 57. Ra3 Rf1+ 58. Kg3 Rf4 59. Ra4 Kh5 60. Rb4 g5 61. Ra4 g4 62. Rb4 Rf3+ 63. Kg2 Kg5 64. Rb8 Kf4 65. Rb4 Re3 66. Rb8 Re2+ 67. Kf1 Rxe4 68. Rf8+ Kg3 69. Kg1 Re1+ 0-1


[Site "https://www.chess.com"]

[Event "Titled Tuesday Blitz May 30 Early 2023"]
[White "Pranesh M"]
[Black "Bartel, Michal"]
[WhiteFideId "35028600"]
[BlackFideId "1119257"]
[WhiteElo "2437"]
[BlackElo "2282"]
[Result "1-0"]
[Round "04"]
[TimeControl "180+2"]
[Date "2023.05.30"]
[WhiteClock "0:01:49"]
[BlackClock "0:00:49"]

1. e4 e5 2. Nf3 Nc6 3. Bc4 Be7 4. d4 exd4 5. Nxd4 d6 6. Nc3 Nf6 7. O-O O-O 8. h3 Re8 9. Re1 h6 10. Bf4 Bf8 11. Nxc6 bxc6 12. e5 dxe5 13. Qxd8 Rxd8 14. Bxe5 Ne8 15. Rad1 Bf5 16. Rxd8 Rxd8 17. Re2 Bc5 18. Kh2 Kf8 19. Bf4 Nd6 20. Bb3 Bd4 21. Be5 Nb5 22. Nxb5 cxb5 23. Bxc7 Rd7 24. Be5 Bc5 25. Bf4 a5 26. Re5 1-0


[Site "https://www.chess.com"]